 Dungeon Crawl Stone Soup version 0.31.0-1-g2c135a0 (webtiles) character file.

Game seed: 7762435306076337460

959 Foodle the Thaumaturge (level 7, -1/46 HPs)
             Began as a Mummy Necromancer on Mar 16, 2024.
             Was a Plaything of Xom.
             Slain by Menkaure (19 damage)
             ... on level 5 of the Dungeon.
             The game lasted 00:56:17 (4595 turns).

Foodle the Thaumaturge (Mummy Necromancer)          Turns: 4595, Time: 00:56:17

Health: -1/46      AC:  6    Str: 11    XL:     7   Next: 92%
Magic:  18/18      EV: 12    Int: 16    God:    Xom [.*....]
Gold:   196        SH:  0    Dex: 13    Spells: 14/22 levels left

rFire   . . .        g - staff of death
rCold   + + .        (no shield)
rNeg    + + +        e - +2 robe {rC+}
rPois   ∞            (no helmet)
rElec   .            (no cloak)
rCorr   .            (no gloves)
SInv    .            b - +1 pair of boots
Will    .....        (no amulet)
Stlth   ++           f - ring of protection from fire
HPRegen 0.27/turn    (no ring)
MPRegen 0.16/turn

%: faith
@: no status effects
A: cold resistance 1, negative energy resistance 3, torment resistance 2, heat
vulnerability 1, in touch with death 1, no potions, faith
a: Renounce Religion


You were on level 5 of the Dungeon.
You worshipped Xom.
You were a plaything of Xom.
You visited 1 branch of the dungeon, and saw 5 of its levels.
You also visited: Sewer.

You collected 196 gold pieces.

Inventory:

Armour
 a - a +0 robe
 b - a +1 pair of boots (worn)
 e - a +2 robe of cold resistance (worn)
Magical Staves
 g - a staff of death (weapon)
Jewellery
 f - a ring of protection from fire (left hand)
Wands
 m - a wand of flame (19)
Scrolls
 c - 5 scrolls of teleportation
 d - a scroll of torment {unknown}
 h - a scroll of fog
 i - a scroll of blinking
 j - a scroll of enchant weapon {unknown}
 k - 2 scrolls of identify {unknown}
 l - 2 scrolls of enchant armour {unknown}
 n - a scroll of vulnerability {unknown}
 o - a scroll of brand weapon {unknown}
 p - a scroll of immolation {unknown}


   Skills:
 - Level 0.1 Fighting
 + Level 0.3 Staves
 - Level 1.5 Dodging
 + Level 1.8 Stealth
 + Level 8.1 Spellcasting
 * Level 7.4 Necromancy


You had 14 spell levels left.
You knew the following spells:

 Your Spells              Type           Power      Damage    Failure   Level
a - Necrotise             Necr           100%       1d9       1%          1
b - Vampiric Draining     Necr           62%        2d10      1%          3
c - Animate Dead          Necr           62%        N/A       4%          4

Your spell library contained the following spells:

 Spells                   Type           Power      Damage    Failure   Level
 Curse of Agony           Necr           62%        N/A       14%         5


Dungeon Overview and Level Annotations

Branches:
Dungeon (5/15)              Sewer (visited)
 Temple: D:4-7

Altars:
Xom

Shops:
D:2 :

Annotations:
D:5 Menkaure


Innate Abilities, Weirdness & Mutations

You are immune to poison.
Your flesh is cold resistant. (rC+)
You are immune to negative energy. (rN+++)
You are immune to unholy pain and torment.
You are vulnerable to heat. (rF-)
You are in touch with the powers of death.
You do not drink.
You have a special connection with the divine. (Faith)


Message History

Press: ? - help, Shift-Dir - straight line, f - kobold
Aim: a kobold, wielding a +0 short sword and quivering stones (asleep, chance to affect: 93%)
You feel a strong surge of power!
The kobold writhes in agony.
You kill the kobold!
The dead are walking!
Magic restored.
Found a stone staircase leading down.
You see here a +0 club.
Done exploring.
Done exploring.
Your kobold skeleton crumbles into dust!
There is a stone staircase leading down here.
You climb downwards.
There is a stone staircase leading up here.
Menkaure barely misses you.
You hit Menkaure.
Menkaure is lightly damaged.
Menkaure hits you!
You barely miss Menkaure.
Menkaure is lightly damaged.
Menkaure misses you.
You hit Menkaure.
Menkaure is moderately damaged.
Menkaure gestures wildly while chanting.
Menkaure seems to speed up.
You hit Menkaure.
Menkaure is moderately damaged.
Xom makes a sudden noise!
You hear maniacal laughter.
Menkaure hits you!
You barely miss Menkaure.
Menkaure is moderately damaged.
Menkaure completely misses you. Menkaure hits you.
You barely miss Menkaure.
Menkaure is moderately damaged.
Menkaure closely misses you.
You hit Menkaure but do no damage.
Menkaure is moderately damaged.
Menkaure hits you!!
You die...
Xom cackles wildly!

..... .... ...#
...# # #..##.#
#.... #.M#
#######@.##
..........#
.....##...#.###
.... #<.......
...............
...............
##.####.#......
.. .......##
#.#.##.#


You could see Menkaure (fast).

Vanquished Creatures
  Sigmund (D:2)
  2 fire bats (D:4)
  2 kobold brigands (Sewer)
  2 jellies (D:3)
  An orc priest (D:4)
  A hound (D:4)
  An iguana (D:4)
  10 adders
  2 river rats
  6 dart slugs
  9 ribbon worms
  5 orcs
  8 ball pythons
  8 endoplasms
  6 giant cockroaches
  8 goblins
  4 hobgoblins
  12 kobolds
  6 quokkas
  4 bats
  5 frilled lizards
  13 rats
116 creatures vanquished.

Vanquished Creatures (collateral kills)
  A dart slug (D:4)
  An orc (D:3)
  A hobgoblin (D:1)
  A kobold (Sewer)
4 creatures vanquished.

Grand Total: 120 creatures vanquished

Notes
Turn   | Place    | Note
-------+----------+-------------------------------------------
     0 | D:1      | Foodle the Mummy Necromancer began the quest for the Orb.
     0 | D:1      | Reached XP level 1. HP: 13/13 MP: 4/4
   107 | D:1      | Reached skill level 3 in Spellcasting
   107 | D:1      | Reached XP level 2. HP: 19/19 MP: 0/6
   610 | D:1      | Reached XP level 3. HP: 24/24 MP: 0/8
  1121 | D:2      | Identified the +0 helmet of Charity {Will+ MP-9 Str+3}
  1128 | D:2      | Learned a level 3 spell: Vampiric Draining
  1189 | D:2      | Reached skill level 4 in Spellcasting
  1329 | D:2      | Noticed Sigmund
  1338 | D:2      | Reached XP level 4. HP: 21/30 MP: 1/10
  1396 | D:2      | Killed Sigmund
  1397 | D:2      | Reached skill level 6 in Spellcasting
  1397 | D:2      | Reached skill level 5 in Necromancy
  1397 | D:2      | Reached XP level 5. HP: 24/35 MP: 2/13
  1402 | D:2      | Learned a level 4 spell: Animate Dead
  1466 | D:2      | Found Qudol's Book Emporium.
  1959 | D:3      | Reached XP level 6. HP: 41/41 MP: 3/15
  2069 | D:3      | Found a glowing drain.
  2076 | Sewer    | Entered a sewer
  2677 | D:3      | Reached skill level 7 in Spellcasting
  2925 | D:3      | Reached XP level 7. HP: 46/46 MP: 14/17
  3244 | D:3      | Found a shimmering altar of Xom.
  3248 | D:3      | Became a worshipper of Xom of Bone-Dry Humour
  3264 | D:3      | XOM: divination: magic mapping
  3693 | D:4      | XOM: summons 1 hostile demon
  4204 | D:4      | Found a transporter.
  4206 | D:4      | Noticed a fire bat
  4206 | D:4      | Noticed a fire bat
  4243 | D:4      | Found a transporter.
  4255 | D:4      | XOM: blink monster(s)
  4259 | D:4      | XOM: enchant monster (bad)
  4262 | D:4      | Killed a fire bat
  4264 | D:4      | Killed a fire bat
  4265 | D:4      | Reached skill level 8 in Spellcasting
  4585 | D:5      | Entered Level 5 of the Dungeon
  4585 | D:5      | Noticed Menkaure
  4592 | D:5      | XOM: noise
  4595 | D:5      | Slain by Menkaure

Illustrated notes

Levels and vault maps discovered:
D:1:      tarquinn_simple_flora_water_e, layout_loops_ring,
          minmay_misc_feat_nine_boxes, wad_floor_pattern_2, minmay_pentomino_r4
D:2:      kennysheep_six_static_rooms, layout_rooms, serial_shops, shop,
          uniq_sigmund
D:3:      layout_basic, dk_xom_monty_hall, serial_glass, glass_columns_c,
          glass_columns_a, glass_columns_a, glass_columns_c,
          gup_sewer_entry_bubbles
D:4:      gammafunk_cloud_chamber, layout_basic, kennysheep_generic_room_10
D:5:      layout_basic, mainiacjoe_overflow_alcove_1,
          kennysheep_generic_room_14, uniq_pikel, uniq_menkaure

Skill      XL: |  1  2  3  4  5  6  7 |
---------------+----------------------+-----
Spellcasting   | 3 4 6 7 8 |  8.1
Necromancy     | 5 6 7 |  7.4
Fighting       | |  0.1
Staves         | |  0.3
Dodging        | |  1.5
Stealth        | |  1.8

Action                     |  1- 3 |  4- 6 |  7- 9 || total
---------------------------+-------+-------+-------++-------
  Melee: Unarmed           |     1 |       |       ||     1
         Staff             |       |    13 |    17 ||    30
         Punch             |       |       |     1 ||     1
   Cast: Necrotise         |    62 |   136 |    64 ||   262
         Vampiric Draining |     1 |     1 |     1 ||     3
         Animate Dead      |       |       |     3 ||     3
    Use: Scroll            |       |       |     3 ||     3
 Armour: Robe              |    11 |    24 |    30 ||    65
  Dodge: Dodged            |    14 |    33 |    26 ||    73
